AoeStats
← Zuckervisch

Pilgrims

508073249Analyzed
2v2 RM · 12d ago on Sep 20, 2026· 30m 56s· 4 players
Game mode
Random Map
Map size
Medium (4 player)
Population
200
Speed
Normal
Resources
Standard
Victory
Conquest
Starting age
Dark Age
Ending age
Imperial Age
RankedLock teamsTeams togetherTeam positionsShared explorationLock speedFull tech treeHidden civsTurbo modeCheats
Victory
Defeat
🇩🇪 Italians · Germany
1312
+16
🇩🇪 Spanish · Germany
1302
+17
🇵🇱 Muisca · Poland
1368
-19
🇵🇱 Portuguese · Poland
1265
-14
CaptainMorgan
9:47 Feudal Age
13:37 Castle Age
12:19 Fletching
14:14 Bodkin Arrow
14:32 Medium Warships
14:32 Fishing Lines
19:58 Loom
21:52 Careening
21:53 Clinker Construction
27:07 Ballistics
30:30 Gold Mining
30:30 Stone Mining
31:08 Town Watch
Bechti420
5:47 Loom
11:54 Feudal Age
13:03 Fishing Lines
16:42 Castle Age
17:25 Double-Bit Axe
18:37 Gillnets
23:15 Padded Archer Armor
24:10 Leather Archer Armor
26:34 Bloodlines
26:25 Husbandry
27:55 Horse Collar
30:52 Imperial Age
31:37 Wheelbarrow
30:48 Town Watch
31:32 Scale Barding Armor
Zuckervisch
7:21 Loom
10:02 Feudal Age
10:37 Double-Bit Axe
14:09 Fletching
21:54 Castle Age
19:56 Horse Collar
21:42 Padded Archer Armor
22:44 Medium Warships
22:34 Bodkin Arrow
27:47 Leather Archer Armor
31:31 Ballistics
31:16 Scale Mail Armor
Janusz
3:26 Loom
10:30 Feudal Age
16:51 Bloodlines
17:07 Scale Barding Armor
17:12 Forging
22:01 Castle Age
20:59 Fletching
21:09 Padded Archer Armor
22:03 Elite Skirmisher
23:09 Bodkin Arrow
25:23 Double-Bit Axe
28:47 Ballistics
29:46 Leather Archer Armor
Connection lost

Rejoining the realm…

Still unreachable

The connection could not be restored.

Session expired

The server has moved on; the page needs a fresh start.